Map: Emerald City LE

Players

patal

  • Race: Terran Terran
  • League: Platinum
  • Spawn Location: 5:00

supinchimare

  • Race: Protoss Protoss
  • Spawn Location: 5:00

Faust

  • Race: Zerg Zerg
  • League: Diamond
  • Spawn Location: 11:00

Throwfordays

  • Race: Protoss Protoss
  • League: Silver
  • Spawn Location: 11:00

VOD

Have the link to the VOD?

Description

Time

  • Played on: March 24, 2019, 11:31 p.m.
  • Length: 14:56
Show
View Real Time Build Order
Export as new Build Order

patal Terran 

Build Orders: 2 Factory 

Get SALT Encoding   

  12  0:02  SCV  
  13  0:15  SCV  
  13  0:20  Supply Depot  
  14  0:27  SCV  
  15  0:40  Refinery  
  15  0:41  SCV  
  16  0:45  Barracks  
  16  0:53  SCV  
  17  1:11  SCV  
  18  1:32  Reaper  
  18  1:33  Orbital Command  
  18  1:35  Supply Depot  
  19  1:57  Refinery, Supply Depot  
  19  2:02  SCV  
  19  2:04  Marine  
  21  2:15  SCV  
  22  2:17  Factory  
  22  2:27  Marine  
  22  2:29  SCV  
  24  2:45  Factory  
  24  2:47  SCV  
  24  2:49  Marine  
  26  2:57  Supply Depot  
  26  2:59  Command Center  
  26  3:08  Factory Tech Lab  
  26  3:16  SCV  
  26  3:19  Marine  
  28  3:35  Factory Tech Lab  
  28  3:38  Starport  
  28  3:39  SCV  
  28  3:54  Marine  
  29  3:56  Siege Tank  
  29  3:57  Siege Tank  
  29  4:02  SCV  
  36  4:06  Engineering Bay  
  36  4:07  Supply Depot  
  36  4:22  SCV  
  37  4:48  Cyclone  
  37  4:49  Cyclone  
  43  4:53  Starport Reactor  
  43  4:58  Orbital Command  
  43  4:59  SCV  
  44  5:06  Refinery  
  40  5:12  Refinery  
  40  5:13  Marine  
  41  5:16  SCV  
  42  5:31  Cyclone x2  
  42  5:34  SCV  
  49  5:41  SCV  
  50  5:46  Marine  
  50  5:47  SCV  
  50  5:49  Liberator  
  55  5:53  SCV  
  55  5:55  Liberator  
  59  6:13  Marine  
  59  6:16  Cyclone x2  
  66  6:19  SCV  
  67  6:26  Barracks  
  67  6:27  Barracks x2  
  67  6:31  Marine  
  68  6:58  Terran Infantry Weapons Level 1  
  68  6:59  Armory  
  68  7:00  Barracks Tech Lab  
  68  7:11  SCV, Missile Turret  
  68  7:12  SCV  
  70  7:39  Liberator  
  70  7:43  Marine, SCV x2  
  70  7:49  Terran Vehicle Weapons Level 1  
  70  7:59  Starport  
  70  8:01  Starport  
  70  8:02  Marine  
  70  8:03  Marine, Cyclone, Liberator  
  70  8:04  Barracks Reactor  
  78  8:12  Missile Turret  
  78  8:18  Missile Turret  
  78  8:19  Barracks Reactor  
  78  8:20  Marine  
  78  8:21  SCV, Cyclone, Missile Turret  
  70  8:40  Cyclone  
  73  8:42  Stimpack, Starport Reactor  
  73  8:43  Starport Reactor  
  73  8:47  Viking  
  73  8:48  Viking  
  77  8:49  Marine  
  77  8:51  Barracks Tech Lab  
  78  8:56  Marine  
  78  8:57  Supply Depot  
  78  8:58  Supply Depot  
  78  8:59  Supply Depot  
  78  9:01  Terran Infantry Armor Level 1, Supply Depot  
  79  9:11  SCV x2  
  81  9:23  SCV x2  
  83  9:24  Marine x4  
  83  9:25  Marine  
  83  9:26  Marine  
  83  9:27  Viking x2  
  93  9:52  Command Center  
  93  9:58  Viking x3  
  99  10:00  Marine x2  
  99  10:01  Marine  
  102  10:23  Marine x3  
  102  10:24  Viking x3  
  102  10:28  Viking  
  112  10:43  Viking x2  
  112  10:51  Marine x3  
  112  10:54  Viking  
  117  11:04  Viking  
  119  11:12  Cyclone x2  
  119  11:14  Marine  
  119  11:15  Marine x3  
  119  11:17  Marine x2  
  131  11:21  Combat Shield  
  102  12:05  Viking  
  102  12:06  Marine x3, Viking x2  
  102  12:07  Marine, Marauder  
  88  12:15  Cyclone x2  
  94  12:21  SCV x2  
  82  13:10  Marine x4  
  82  13:11  Marauder x2  
  82  13:12  Siege Tank x2  
  96  13:14  Liberator x3  
  96  13:16  SCV  
  106  13:48  Viking x3  
  112  13:57  Viking x3, Siege Tank  
Show
View Real Time Build Order
Export as new Build Order

supinchimare Protoss 

Build Orders: Oracle Opening 

Get SALT Encoding   

  12  0:01  Probe  
  13  0:13  Probe  
  14  0:18  Pylon  
  14  0:25  Probe  
  15  0:37  Probe  
  15  0:38  Gateway  
  16  0:49  Probe  
  17  0:51  Assimilator  
  17  0:55  Assimilator  
  17  1:01  Probe  
  18  1:13  Probe  
  19  1:24  Pylon  
  19  1:25  Cybernetics Core  
  19  1:27  Probe  
  20  1:39  Probe  
  21  1:51  Probe  
  22  2:01  Warp Gate  
  22  2:03  Stalker, Probe  
  25  2:12  Pylon  
  25  2:16  Pylon  
  25  2:27  Probe  
  26  2:30  Stargate  
  26  2:39  Probe  
  26  2:44  Nexus  
  27  2:51  Probe  
  28  3:01  Stalker  
  28  3:04  Probe  
  31  3:07  Oracle  
  31  3:16  Probe  
  35  3:28  Probe  
  35  3:33  Nexus  
  36  3:35  Oracle  
  36  3:40  Probe  
  40  3:52  Probe  
  41  4:02  Probe  
  42  4:04  Probe  
  43  4:48  Probe  
  43  4:49  Probe  
  45  4:54  Probe  
  46  5:00  Probe  
  46  5:01  Probe  
  46  5:03  Pylon  
  46  5:06  Probe  
  49  5:07  Assimilator  
  49  5:11  Assimilator, Pylon  
  49  5:12  Probe  
  49  5:13  Assimilator, Probe  
  51  5:17  Pylon  
  51  5:18  Assimilator, Probe  
  52  5:21  Robotics Facility  
  52  5:23  Robotics Facility  
  52  5:24  Probe  
  52  5:25  Probe  
  54  5:29  Probe  
  54  5:30  Stalker  
  57  5:36  Probe  
  57  5:37  Probe x2  
  60  5:45  Probe  
  61  5:50  Probe x2  
  63  5:57  Stalker, Probe  
  63  6:02  Gateway, Probe x2  
  68  6:04  Gateway  
  68  6:07  Gateway  
  68  6:09  Pylon, Probe  
  68  6:11  Pylon, Observer x2  
  71  6:15  Probe  
  72  6:29  Nexus  
  72  6:35  Probe  
  73  6:43  Probe  
  73  6:51  Immortal x2  
  73  6:52  Stalker  
  73  6:54  Probe  
  85  6:59  Forge  
  85  7:02  Forge  
  85  7:05  Twilight Council, Stalker x2  
  85  7:07  Sentry  
  91  7:21  Protoss Ground Weapons Level 1, Protoss Ground Armor Level 1  
  91  7:28  Probe  
  92  7:42  Probe  
  92  7:43  Blink, Probe x2  
  95  7:44  Probe  
  96  7:52  Robotics Bay  
  96  7:53  Templar Archives  
  96  7:54  Probe  
  96  7:57  Immortal x2  
  105  7:59  Stalker x3  
  111  8:17  Probe  
  112  8:22  Gateway  
  112  8:25  Gateway  
  112  8:27  Gateway  
  112  8:28  Gateway  
  112  8:30  Gateway  
  112  8:31  Stalker  
  112  8:32  Gateway, Stalker x2  
  118  8:51  Colossus  
  124  9:04  Pylon  
  124  9:05  Pylon  
  124  9:07  Pylon  
  124  9:10  Pylon  
  124  9:13  Pylon x2  
  124  9:14  Pylon  
  124  9:21  Colossus  
  124  9:22  Assimilator  
  130  9:25  Assimilator  
  130  9:32  Nexus  
  130  9:35  Assimilator  
  130  9:39  Assimilator  
  130  9:44  Resonating Glaives  
  130  9:45  Pylon  
  130  9:47  Pylon  
  130  9:49  Stalker x3  
  130  9:50  Psionic Storm, Stalker x5  
  130  9:51  Stalker  
  148  10:08  Photon Cannon  
  148  10:11  Photon Cannon, Extended Thermal Lance  
  148  10:13  Photon Cannon  
  134  10:29  Stalker x2  
  134  10:30  Stalker x5  
  134  10:31  Stalker  
  118  10:46  Stalker x2  
  110  10:55  Colossus x2  
  120  11:03  Stalker x4  
  120  11:04  Stalker  
  128  11:23  Charge, Probe  
  129  11:33  Adept x3  
  129  11:34  Adept x4  
  143  11:45  Immortal x2  
  151  11:55  Protoss Ground Weapons Level 2, Protoss Ground Armor Level 2  
  141  12:23  Warp Prism  
  141  12:24  Probe  
  141  12:25  Immortal  
  146  12:31  Observer  
  146  12:34  Gateway  
  136  12:37  Gateway  
  136  12:40  Pylon  
  136  12:43  Pylon  
  136  12:47  Pylon  
  136  12:48  Pylon  
  136  12:59  Protoss Air Weapons Level 1  
  136  13:08  Observer x2  
  136  13:10  Stalker  
  136  13:11  Stalker x5  
  136  13:12  Stalker x4  
  142  14:12  Zealot x4  
  142  14:13  Zealot x4  
  142  14:14  Zealot x4  
  144  14:42  Stalker x5  
Show
View Real Time Build Order
Export as new Build Order

Faust Zerg 

Build Orders: Hatch First 

Get SALT Encoding   

  12  0:01  Drone  
  13  0:08  Drone  
  14  0:14  Extractor  
  14  0:16  Drone  
  15  0:23  Overlord  
  15  0:51  Drone  
  15  0:53  Drone  
  17  0:57  Hatchery  
  17  0:58  Drone  
  17  1:02  Extractor  
  17  1:03  Drone  
  17  1:18  Spawning Pool  
  16  1:22  Drone  
  16  1:24  Drone  
  18  1:35  Overlord  
  18  1:45  Drone  
  19  2:05  Queen  
  19  2:07  Metabolic Boost  
  21  2:09  Queen  
  21  2:10  Zergling x2  
  24  2:25  Drone x4  
  28  2:32  Drone, Baneling Nest  
  28  2:35  Zergling x2  
  29  2:48  Zergling x4  
  29  2:50  Overlord  
  31  3:09  Drone x3  
  34  3:14  Lair  
  34  3:19  Drone x6  
  40  3:26  Overlord  
  40  3:30  Overlord  
  39  3:42  Zergling x8  
  43  3:54  Drone x2  
  43  3:55  Drone, Overlord  
  46  4:04  Zergling x4  
  46  4:05  Zergling x2  
  46  4:08  Baneling  
  46  4:09  Baneling  
  49  4:19  Hatchery  
  49  4:20  Extractor, Hydralisk Den  
  49  4:22  Spore Crawler  
  43  4:28  Queen  
  39  4:33  Drone  
  39  4:34  Drone x5  
  39  4:38  Spore Crawler  
  44  4:41  Drone  
  44  4:43  Drone  
  44  4:45  Drone  
  47  4:48  Drone  
  41  5:16  Drone x4  
  45  5:25  Zergling x16  
  53  5:28  Drone  
  54  5:36  Drone  
  54  5:37  Drone  
  56  5:44  Drone  
  56  5:46  Muscular Augments  
  56  5:48  Drone x5  
  62  5:50  Drone x2  
  62  5:55  Spore Crawler  
  63  6:13  Infestation Pit  
  62  6:22  Drone x4  
  62  6:23  Drone x4  
  62  6:24  Overlord x4  
  62  6:25  Overlord x2  
  71  6:32  Drone  
  71  6:33  Drone x2  
  71  6:34  Overlord  
  73  6:45  Zergling x4  
  73  6:46  Zergling x12  
  81  6:50  Extractor  
  81  6:51  Centrifical Hooks  
  81  6:53  Hive  
  80  6:57  Evolution Chamber, Grooved Spines  
  80  6:58  Evolution Chamber  
  78  7:11  Extractor  
  78  7:12  Drone x2  
  78  7:13  Extractor, Drone x4  
  78  7:14  Drone x3  
  85  7:19  Hydralisk  
  85  7:20  Hydralisk x3  
  95  7:22  Spore Crawler  
  87  7:47  Drone x2  
  87  7:48  Drone x3  
  87  7:49  Drone  
  93  7:52  Zerg Melee Weapons Level 1  
  93  7:55  Drone  
  93  7:56  Drone x2  
  96  7:59  Extractor  
  96  8:02  Drone x3  
  96  8:04  Drone x4  
  102  8:12  Zerg Ground Armor Level 1  
  83  8:34  Zergling x30  
  84  8:35  Zergling x2  
  84  8:37  Overlord  
  99  8:47  Zergling x4  
  101  8:50  Hydralisk  
  103  8:58  Hydralisk  
  103  8:59  Hydralisk x4  
  113  9:03  Hydralisk x2  
  113  9:09  Hydralisk  
  117  9:10  Hydralisk x6  
  131  9:29  Ultralisk Cavern  
  130  9:34  Spore Crawler  
  129  9:40  Evolution Chamber  
  129  9:41  Spire  
  127  9:48  Hydralisk  
  127  9:49  Hydralisk x4  
  137  9:55  Overlord  
  137  9:56  Overlord x4  
  137  10:09  Zerg Missile Weapons Level 1, Zerg Ground Armor Level 2  
  137  10:10  Zerg Melee Weapons Level 2  
  137  10:13  Extractor  
  136  10:15  Hatchery  
  136  10:18  Extractor  
  134  10:23  Adrenal Glands  
  88  10:52  Zergling x6  
  88  10:53  Zergling x34  
  98  11:02  Greater Spire  
  88  11:16  Ultralisk x2  
  88  11:17  Ultralisk  
  105  11:35  Baneling x5  
  105  11:36  Baneling x5  
  105  11:37  Baneling x2  
  105  11:38  Zergling x2  
  105  11:39  Zergling x8  
  116  11:40  Ultralisk  
  97  12:03  Zergling x2  
  97  12:04  Zergling x16  
  81  12:17  Zergling x2  
  81  12:18  Zergling x8  
  67  12:33  Zerg Missile Weapons Level 2  
  67  12:35  Zergling x2  
  67  12:36  Zergling x8  
  52  12:47  Hatchery  
  52  12:48  Zergling x2  
  52  12:49  Zergling x10  
  56  12:57  Baneling  
  56  12:58  Baneling x2  
  54  13:11  Ultralisk x2  
  66  13:22  Zergling x2, Ultralisk  
  66  13:23  Zergling x14  
  80  14:00  Zergling x2  
  80  14:01  Zergling x22  
  92  14:19  Zergling x2  
  92  14:20  Zergling x10  
  78  14:35  Zergling x2  
  78  14:36  Zergling x8  
Show
View Real Time Build Order
Export as new Build Order

Throwfordays Protoss 

Build Orders: Nexus First 

Get SALT Encoding   

  12  0:01  Probe  
  13  0:13  Probe  
  14  0:25  Probe  
  15  0:48  Nexus  
  15  0:58  Pylon  
  15  1:16  Probe  
  16  1:21  Gateway  
  16  1:25  Gateway  
  16  1:28  Probe  
  17  1:32  Pylon  
  17  1:41  Assimilator  
  17  1:42  Probe  
  18  1:52  Forge  
  18  1:57  Probe  
  18  1:58  Probe  
  19  2:07  Probe  
  20  2:09  Probe  
  22  2:16  Probe  
  23  2:25  Cybernetics Core  
  23  2:28  Probe  
  24  2:36  Photon Cannon  
  24  2:39  Warp Gate  
  24  2:40  Probe  
  25  2:48  Photon Cannon  
  25  2:53  Probe  
  26  3:05  Probe  
  27  3:13  Assimilator  
  27  3:15  Probe  
  27  3:17  Probe  
  29  3:20  Assimilator  
  29  3:25  Assimilator  
  29  3:27  Probe  
  29  3:29  Probe  
  31  3:36  Photon Cannon  
  31  3:40  Probe  
  31  3:41  Probe  
  33  3:50  Pylon  
  33  3:53  Probe  
  33  3:55  Pylon  
  34  4:01  Probe  
  34  4:02  Probe  
  34  4:04  Stargate  
  34  4:09  Probe  
  36  4:10  Probe  
  36  4:13  Stargate  
  38  4:18  Pylon, Probe  
  39  4:25  Photon Cannon  
  39  4:29  Photon Cannon  
  39  4:31  Photon Cannon  
  39  4:33  Photon Cannon  
  37  4:45  Photon Cannon  
  35  4:54  Probe  
  36  5:06  Probe x2  
  38  5:09  Photon Cannon  
  38  5:11  Pylon  
  38  5:12  Protoss Shields Level 1  
  38  5:18  Probe  
  40  5:21  Probe  
  40  5:25  Protoss Air Weapons Level 1  
  40  5:30  Void Ray  
  44  5:39  Probe  
  45  5:43  Probe  
  46  5:51  Probe  
  46  5:52  Void Ray  
  46  5:55  Probe  
  52  6:07  Probe  
  53  6:12  Forge  
  53  6:13  Cybernetics Core  
  53  6:17  Fleet Beacon  
  53  6:27  Probe  
  54  6:39  Void Ray x2  
  62  6:51  Twilight Council  
  62  6:55  Nexus  
  62  6:59  Assimilator  
  62  7:01  Assimilator  
  62  7:04  Pylon  
  62  7:15  Shield Battery  
  62  7:17  Shield Battery  
  62  7:19  Shield Battery  
  62  7:22  Void Ray  
  66  7:23  Shield Battery  
  66  7:42  Protoss Shields Level 2  
  66  7:49  Probe  
  67  7:53  Void Ray  
  71  7:59  Protoss Air Armor Level 1  
  71  8:07  Probe  
  72  8:15  Nexus  
  72  8:17  Pylon  
  73  8:20  Probe  
  73  8:30  Pylon  
  73  8:32  Probe  
  74  8:45  Void Ray x2  
  78  9:17  Pylon  
  78  9:19  Pylon  
  78  9:22  Pylon  
  78  9:23  Protoss Air Weapons Level 2  
  78  9:28  Pylon  
  78  9:34  Void Ray x2  
  86  10:12  Stargate  
  86  10:14  Stargate  
  86  10:16  Stargate  
  86  10:19  Stargate  
  70  10:25  Nexus  
  70  10:37  Protoss Shields Level 3  
  54  10:56  Void Ray x2  
  62  11:01  Void Ray  
  66  11:08  Pylon  
  66  11:10  Assimilator  
  66  11:12  Assimilator  
  66  11:38  Void Ray  
  66  11:39  Void Ray  
  58  12:14  Void Ray x3  
  70  12:21  Nexus  
  70  12:22  Zealot x2  
  66  12:47  Zealot x2  
  66  12:49  Void Ray x2  
  66  12:50  Void Ray  
  78  13:05  Void Ray  
  82  13:23  Void Ray  
  86  13:31  Void Ray  
  90  13:46  Void Ray  
  78  14:28  Stalker  
  66  14:38  Probe  
Tags
 
Add a new tag
Caveats
  • Supply blocks, unpowered buildings, or Contaminate may cause inaccurate times.
  • Supply counts are checked every 10 seconds.